[Event "Titled Tuesday Blitz May 2 Early 2023"]
[White "Jaskolka, Tomasz"]
[Black "Osinovsky, Stepan"]
[WhiteFideId "1170791"]
[BlackFideId "4157354"]
[WhiteElo "2155"]
[BlackElo "2222"]
[Result "1-0"]
[Round "07"]
[TimeControl "180+2"]
[Date "2023.05.03"]
[WhiteClock "0:00:00"]
[BlackClock "0:00:00"]

1. d4 Nf6 2. Nc3 c5 3. d5 g6 4. e4 d6 5. f4 a6 6. Nf3 Bg4 7. a4 Bg7 8. h3 Bxf3 9. Qxf3 Nbd7 10. Be3 Qa5 11. Bd3 c4 12. Bxc4 b5 13. Bd3 b4 14. Ne2 Nc5 15. O-O Nfd7 16. Bd4 Bxd4+ 17. Nxd4 Qb6 18. a5 Qa7 19. Nc6 Qc7 20. e5 O-O 21. Nxe7+ Kh8 22. Nc6 dxe5 23. fxe5 Nxe5 24. Qf6+ Kg8 25. Ne7+ Qxe7 26. Qxe7 Ncd7 27. Rae1 Rae8 28. Qf6 Nxf6 29. Rxf6 Nf3+ 30. gxf3 Rxe1+ 31. Kf2 Rb1 32. b3 Rd8 33. Be4 1-0


[Site "https://www.chess.com"]

[Event "Titled Tuesday Blitz May 2 Early 2023"]
[White "Garakov, Mikhael"]
[Black "Kubicka, Anna"]
[WhiteFideId "4169034"]
[BlackFideId "1152254"]
[WhiteElo "2347"]
[BlackElo "2144"]
[Result "1-0"]
[Round "07"]
[TimeControl "180+2"]
[Date "2023.05.03"]
[WhiteClock "0:00:00"]
[BlackClock "0:00:00"]

1. e4 c5 2. Nf3 d6 3. d4 cxd4 4. Nxd4 Nf6 5. Nc3 a6 6. f4 e5 7. Nf3 Nbd7 8. a4 Be7 9. Bc4 O-O 10. O-O b6 11. Nd5 Bb7 12. Qe2 Rc8 13. Bxa6 Bxa6 14. Qxa6 Nxd5 15. exd5 Rxc2 16. b4 Bf6 17. Rb1 e4 18. Nd2 Bd4+ 19. Kh1 Re8 20. Nb3 Bf6 21. Be3 Rc3 22. Rfe1 Rd3 23. a5 bxa5 24. Nxa5 Rxd5 25. Nc6 Qc8 26. b5 Nb8 27. Qa2 Rd3 28. Nxb8 Qxb8 29. b6 d5 30. b7 Rxe3 31. Rxe3 d4 32. Ra3 Qxf4 33. Ra8 Rb8 34. Qc4 h6 35. Rxb8+ Kh7 36. Rh8+ Kxh8 37. b8=Q+ Qxb8 38. Rxb8+ Kh7 39. Qxf7 1-0


[Site "https://www.chess.com"]

[Event "Titled Tuesday Blitz May 2 Early 2023"]
[White "Petrova, Irina"]
[Black "Erzhanov, Arman"]
[WhiteFideId "14124122"]
[BlackFideId "4138821"]
[WhiteElo "2084"]
[BlackElo "2138"]
[Result "1/2-1/2"]
[Round "07"]
[TimeControl "180+2"]
[Date "2023.05.03"]
[WhiteClock "0:00:00"]
[BlackClock "0:00:00"]

1. e4 c5 2. Nf3 Nc6 3. Bb5 d6 4. Bxc6+ bxc6 5. O-O e5 6. c3 f5 7. exf5 Bxf5 8. d4 cxd4 9. cxd4 e4 10. Ng5 Be7 11. Re1 Nf6 12. Nc3 d5 13. f3 O-O 14. fxe4 dxe4 15. Ngxe4 Nxe4 16. Nxe4 Rb8 17. Ng3 Bg6 18. b3 Bf6 19. Bb2 c5 20. Ne4 Bxe4 21. Rxe4 Qd5 22. Qe2 cxd4 23. Rd1 Rbd8 24. Bxd4 Bxd4+ 25. Rexd4 Qc5 26. Qe3 Rd6 27. R1d3 Rdf6 28. h3 Rf1+ 29. Kh2 Qc7+ 30. Qg3 Qc1 31. Qe3 Rh1+ 32. Kg3 Qf1 33. Rd8 h6 34. Rxf8+ Qxf8 35. Qe6+ Kh7 36. Qe4+ Kh8 37. Qd4 Re1 38. Qd8 Re8 39. Qd6 Qf5 40. Kh2 Qf2 41. Rg3 Re2 42. Qd8+ Kh7 43. Qd3+ Kh8 44. Qd8+ Kh7 45. Qd3+ Kh8 46. Qd8+ 1/2-1/2


[Site "https://www.chess.com"]

[Event "Titled Tuesday Blitz May 2 Early 2023"]
[White "Rodchenkov, Sergey D."]
[Black "Balla, Tamas-Kristof"]
[WhiteFideId "4168712"]
[BlackFideId "1208497"]
[WhiteElo "2277"]
[BlackElo "2334"]
[Result "1-0"]
[Round "07"]
[TimeControl "180+2"]
[Date "2023.05.03"]
[WhiteClock "0:00:00"]
[BlackClock "0:00:00"]

1. e4 c5 2. Nf3 Nc6 3. d4 cxd4 4. Nxd4 e5 5. Nb5 d6 6. c4 Be7 7. N5c3 f5 8. exf5 Bxf5 9. Bd3 Be6 10. O-O Nf6 11. Nd5 Nxd5 12. cxd5 Bxd5 13. Bxh7 Bf7 14. Bc2 Qc7 15. Qg4 Nd4 16. Ba4+ b5 17. Bb3 Bh5 18. Qe4 O-O-O 19. Nc3 Qb7 20. Bd5 Qb6 21. Be3 Bg6 22. Qxg6 b4 23. Qg4+ Kb8 24. Bxd4 exd4 25. Ne2 Rh4 26. Qg3 Rdh8 27. h3 Bf6 28. Rac1 Be5 29. Qf3 Qd8 30. Rc4 Qg5 31. Rxb4+ Kc7 32. Qf7+ Kc8 33. Be6+ Kd8 34. Rb8# 1-0


[Site "https://www.chess.com"]

[Event "Titled Tuesday Blitz May 2 Early 2023"]
[White "Makhmudov, Shukhrat"]
[Black "Lopez, Henry"]
[WhiteFideId "14200775"]
[BlackFideId "5203830"]
[WhiteElo "2135"]
[BlackElo "2177"]
[Result "1-0"]
[Round "07"]
[TimeControl "180+2"]
[Date "2023.05.03"]
[WhiteClock "0:00:00"]
[BlackClock "0:00:00"]

1. e4 c5 2. Nf3 d6 3. d4 cxd4 4. Nxd4 Nf6 5. Nc3 a6 6. h3 e5 7. Nf3 h6 8. Bc4 Be6 9. Bxe6 fxe6 10. O-O Nc6 11. Re1 Be7 12. Nh4 Kf7 13. Nf3 Rf8 14. a3 Rc8 15. Be3 Kg8 16. Qd2 Kh7 17. Nh2 d5 18. exd5 exd5 19. f4 d4 20. fxe5 dxc3 21. Qxd8 Bxd8 22. exf6 Bxf6 23. b3 Rfe8 24. Rad1 Rcd8 25. Rxd8 Bxd8 26. Bf2 Rxe1+ 27. Bxe1 Bf6 28. Nf3 Kg6 29. Kf2 Na5 30. Ke2 Kf5 31. Kd3 Kf4 32. Nd4 Nc6 33. g3+ Kg5 34. Nxc6 bxc6 35. Bxc3 h5 36. Bxf6+ Kxf6 37. Ke4 Kg5 38. b4 g6 39. c4 Kf6 40. a4 g5 41. b5 1-0


[Site "https://www.chess.com"]

[Event "Titled Tuesday Blitz May 2 Early 2023"]
[White "Biriukov, Ilja"]
[Black "Pujari, Rucha"]
[WhiteFideId "4113373"]
[BlackFideId "5024528"]
[WhiteElo "2426"]
[BlackElo "2129"]
[Result "0-1"]
[Round "07"]
[TimeControl "180+2"]
[Date "2023.05.03"]
[WhiteClock "0:00:01"]
[BlackClock "0:00:01"]

1. c4 e6 2. Nc3 d5 3. cxd5 exd5 4. d4 Nf6 5. Bg5 c6 6. e3 Bd6 7. Qc2 O-O 8. Bd3 h6 9. Bh4 a5 10. Nge2 Na6 11. a3 Nc7 12. O-O Bxh2+ 13. Kxh2 Ng4+ 14. Kg3 g5 15. Rh1 gxh4+ 16. Rxh4 Nxe3 0-1


[Site "https://www.chess.com"]

[Event "Titled Tuesday Blitz May 2 Early 2023"]
[White "Kiselev, Pavel"]
[Black "Principe, Gerson"]
[WhiteFideId "4191102"]
[BlackFideId "3804550"]
[WhiteElo "2145"]
[BlackElo "2229"]
[Result "0-1"]
[Round "07"]
[TimeControl "180+2"]
[Date "2023.05.03"]
[WhiteClock "0:00:00"]
[BlackClock "0:00:00"]

1. Nf3 Nf6 2. c4 e6 3. d4 b6 4. g3 Bb7 5. Bg2 Be7 6. O-O O-O 7. Nc3 Ne4 8. Qc2 Nxc3 9. bxc3 f5 10. Ne5 Bxg2 11. Kxg2 d6 12. Nf3 Nc6 13. e4 Na5 14. exf5 Rxf5 15. Qe4 Qc8 16. d5 e5 17. Nd2 Qd7 18. f4 Raf8 19. fxe5 Rxe5 20. Rxf8+ Bxf8 21. Qd3 Qg4 22. Nf3 Re8 23. c5 dxc5 24. Bf4 Bd6 25. Bxd6 cxd6 26. Rf1 h6 27. Qb5 Re3 28. Rf2 Nc4 29. Qxc5 bxc5 0-1


[Site "https://www.chess.com"]

[Event "Titled Tuesday Blitz May 2 Early 2023"]
[White "Veiga, Jose Francisco R P Neves"]
[Black "Jimenez Fernandez, Rebeca"]
[WhiteFideId "1930087"]
[BlackFideId "32070934"]
[WhiteElo "2320"]
[BlackElo "2008"]
[Result "1-0"]
[Round "07"]
[TimeControl "180+2"]
[Date "2023.05.03"]
[WhiteClock "0:00:01"]
[BlackClock "0:00:00"]

1. e4 c5 2. Nf3 Nc6 3. Bb5 g6 4. O-O Bg7 5. Nc3 e5 6. d3 Nge7 7. a3 O-O 8. b4 cxb4 9. axb4 Nxb4 10. Ba3 Nbc6 11. Bc4 a6 12. Bd6 b5 13. Bxb5 Qb6 14. Bxc6 Qxc6 15. Bxe7 Re8 16. Nd5 Bb7 17. Bh4 f5 18. Ne7+ Rxe7 19. Bxe7 fxe4 20. dxe4 Qxe4 21. Qxd7 Bc8 22. Qd8+ Kf7 23. Ng5# 1-0


[Site "https://www.chess.com"]

[Event "Titled Tuesday Blitz May 2 Early 2023"]
[White "Kim, Sergey"]
[Black "Liu, Casper"]
[WhiteFideId "13700570"]
[BlackFideId "1454153"]
[WhiteElo "2295"]
[BlackElo "2221"]
[Result "0-1"]
[Round "07"]
[TimeControl "180+2"]
[Date "2023.05.03"]
[WhiteClock "0:00:00"]
[BlackClock "0:00:00"]

1. d4 c5 2. d5 g6 3. c4 Bg7 4. Nc3 Bxc3+ 5. bxc3 e5 6. h4 d6 7. h5 Ne7 8. e4 f5 9. Bg5 h6 10. Bf6 Rf8 11. Bg7 Rg8 12. Bxh6 g5 13. Nf3 fxe4 14. Qc2 exf3 15. gxf3 Bf5 16. Bd3 Qd7 17. Rg1 Bxd3 18. Qxd3 Qh3 19. Qh7 Qxh5 20. O-O-O Nd7 21. Rh1 Qxf3 22. Bg7 Qxc3+ 23. Kb1 O-O-O 24. Bh6 Nb6 25. Qxe7 Nxc4 26. Qe6+ Kb8 0-1


[Site "https://www.chess.com"]

[Event "Titled Tuesday Blitz May 2 Early 2023"]
[White "Bouget, Alexandre"]
[Black "Nikologorskiy, Konstantin"]
[WhiteFideId "681318"]
[BlackFideId "24111708"]
[WhiteElo "2182"]
[BlackElo "2293"]
[Result "1-0"]
[Round "07"]
[TimeControl "180+2"]
[Date "2023.05.03"]
[WhiteClock "0:00:00"]
[BlackClock "0:00:00"]

1. d4 Nf6 2. c4 e6 3. Nc3 Bb4 4. a3 Bxc3+ 5. bxc3 c5 6. f3 O-O 7. e4 Ne8 8. Bd3 b6 9. Ne2 Ba6 10. O-O d6 11. d5 Nd7 12. f4 exd5 13. cxd5 Bxd3 14. Qxd3 f5 15. Ng3 fxe4 16. Nxe4 h6 17. c4 Ndf6 18. Ng3 b5 19. Bb2 bxc4 20. Qxc4 Nc7 21. Rad1 Rb8 22. Bc3 Nb5 23. Bb2 Nc7 24. Rd2 Re8 25. Rfd1 Qe7 26. Nf5 Qd7 27. Nxh6+ gxh6 28. Bxf6 Qf5 29. Ba1 Re4 30. Qc3 Qh7 31. Rd3 Re7 32. Qf6 Ne8 33. Rg3+ Rg7 34. Qe6+ Kh8 35. Re1 Nc7 36. Qxd6 Rc8 37. Rxg7 Ne8 38. Rxh7+ Kxh7 39. Qd7+ Ng7 40. Qxc8 1-0


[Site "https://www.chess.com"]

[Event "Titled Tuesday Blitz May 2 Early 2023"]
[White "Martinez Reyes, Pedro Ramon"]
[Black "Melikhov, Evgeny V."]
[WhiteFideId "3901807"]
[BlackFideId "4122046"]
[WhiteElo "2340"]
[BlackElo "2158"]
[Result "1-0"]
[Round "07"]
[TimeControl "180+2"]
[Date "2023.05.03"]
[WhiteClock "0:00:00"]
[BlackClock "0:00:00"]

1. d4 Nf6 2. c4 e6 3. Nf3 d5 4. cxd5 exd5 5. Nc3 Bb4 6. Bg5 h6 7. Bxf6 Qxf6 8. Qb3 c5 9. a3 Bxc3+ 10. bxc3 c4 11. Qb5+ Qc6 12. a4 a6 13. Qb4 Bf5 14. Ne5 Qc7 15. g4 Bh7 16. Bg2 Nc6 17. Qc5 O-O-O 18. Nxc6 Qxc6 19. Qb4 Rhe8 20. Ra2 Qd6 21. Rb2 Qxb4 22. Rxb4 Kc7 23. Kd2 b6 24. Ra1 Rd6 25. e3 Bd3 26. Ra2 g6 27. Ke1 f5 28. gxf5 gxf5 29. Bf1 Bxf1 30. Kxf1 f4 31. exf4 Re4 32. Re2 Rxf4 33. Re7+ Kc6 34. Rb2 Rdf6 35. Rbe2 b5 36. axb5+ axb5 37. R2e6+ Rxe6 38. Rxe6+ Kc7 39. Ke1 b4 40. cxb4 Rxd4 41. Rxh6 c3 42. b5 Rc4 43. Kd1 d4 44. Kc2 Rc5 45. b6+ Kb7 46. Rd6 Rc6 47. Rxc6 Kxc6 48. h4 Kxb6 49. h5 Kc5 50. h6 Kc4 51. h7 d3+ 52. Kc1 d2+ 53. Kc2 1-0


[Site "https://www.chess.com"]

[Event "Titled Tuesday Blitz May 2 Early 2023"]
[White "Gracia Alvarez, Gerardo Antonio"]
[Black "Skliarov, Viktor"]
[WhiteFideId "5109124"]
[BlackFideId "14106736"]
[WhiteElo "2160"]
[BlackElo "2317"]
[Result "0-1"]
[Round "07"]
[TimeControl "180+2"]
[Date "2023.05.03"]
[WhiteClock "0:00:00"]
[BlackClock "0:00:00"]

1. e4 c5 2. Nf3 Nc6 3. b4 cxb4 4. d4 d5 5. exd5 Qxd5 6. c4 bxc3 7. Nxc3 Qa5 8. d5 Qxc3+ 9. Bd2 Qa3 10. dxc6 bxc6 11. Rc1 e6 12. Bc4 Nf6 13. O-O Be7 14. Ne5 O-O 15. Bc3 Ba6 16. Qf3 Bxc4 17. Nxc4 Nd5 18. Qg3 Nxc3 19. Rxc3 Qxa2 20. Ne5 Bf6 21. Re3 Bxe5 22. Qxe5 Qd5 23. Qg3 a5 24. Re5 Qd4 25. h4 a4 26. Re3 a3 27. Rxa3 Rxa3 28. Qxa3 Qxh4 29. Qd6 Qe4 30. Rc1 Qd5 31. Qc7 Rd8 32. Rxc6 Qd1+ 33. Kh2 Qh5+ 34. Kg3 Qg5+ 35. Kh2 Qh4+ 0-1


[Site "https://www.chess.com"]

[Event "Titled Tuesday Blitz May 2 Early 2023"]
[White "Hajiyev, Kanan"]
[Black "Gatterer, Florian"]
[WhiteFideId "13404148"]
[BlackFideId "811688"]
[WhiteElo "2103"]
[BlackElo "2221"]
[Result "1-0"]
[Round "07"]
[TimeControl "180+2"]
[Date "2023.05.03"]
[WhiteClock "0:00:00"]
[BlackClock "0:00:00"]

1. d4 c6 2. c4 d5 3. cxd5 cxd5 4. Nc3 Nf6 5. Nf3 Nc6 6. Bg5 Ne4 7. Bf4 Nxc3 8. bxc3 Bf5 9. e3 Qa5 10. Qb3 e6 11. Be2 Qa3 12. O-O Qxb3 13. axb3 Be7 14. c4 O-O 15. c5 f6 16. Bb5 Nb4 17. Rfc1 g5 18. Bg3 h5 19. h4 a6 20. Be2 g4 21. Ne1 Rfc8 22. Ra4 Nc6 23. Rca1 e5 24. Bd3 Bd7 25. Nc2 e4 26. Be2 Na7 27. R4a2 Bb5 28. Kf1 Kf7 29. b4 Bxe2+ 30. Kxe2 Nb5 31. Kd2 Ke6 32. Bf4 Kd7 33. Ra5 Bd8 34. R5a4 Bc7 35. Bxc7 Kxc7 36. g3 Kc6 37. Ne1 Rh8 38. Ng2 Nc7 39. Nf4 Kd7 40. Ra5 Rab8 41. Rc1 Rh7 42. Ng6 Kc6 43. Nf4 Kd7 44. Ra3 Kc6 45. Ra2 Kd7 46. Rac2 Kc6 47. Ng6 Rg7 48. Nf4 Rh7 49. Kc3 Rh6 50. Kb3 Rh7 51. Ka4 Ra8 52. Rb2 Rh6 53. Ne2 Nb5 54. Kb3 Ra7 55. Ra1 Ra8 56. Nf4 Nc7 57. Ne2 Ra7 58. Nc3 Nb5 59. Nxb5 Kxb5 60. Ra5+ Kc6 61. b5+ Kc7 62. b6+ Kb8 63. bxa7+ Kxa7 64. Kc3 Rh7 65. Ra3 Rc7 66. Rb6 Rc6 67. Raxa6+ Kb8 68. Rxc6 bxc6 69. Rxc6 Kb7 70. Rxf6 1-0


[Site "https://www.chess.com"]

[Event "Titled Tuesday Blitz May 2 Early 2023"]
[White "Arat, Ufuk Sezen"]
[Black "Tarasova, Viktoriya"]
[WhiteFideId "6309089"]
[BlackFideId "4175840"]
[WhiteElo "2289"]
[BlackElo "2182"]
[Result "0-1"]
[Round "07"]
[TimeControl "180+2"]
[Date "2023.05.03"]
[WhiteClock "0:00:00"]
[BlackClock "0:00:00"]

1. e4 e5 2. Nf3 Nc6 3. c3 d5 4. Qa4 Bd7 5. exd5 Nd4 6. Qd1 Nxf3+ 7. Qxf3 c6 8. c4 Nf6 9. Nc3 cxd5 10. Nxd5 Bc6 11. Nxf6+ gxf6 12. Qe3 h5 13. d3 Bh6 14. Qe2 Bxc1 15. Rxc1 Qd4 16. Rg1 O-O-O 17. g3 e4 18. Bh3+ Kb8 19. dxe4 Bxe4 20. Qe3 Qxb2 21. Qc3 Qxa2 22. f3 Qxh2 23. Rf1 Qxg3+ 24. Ke2 Bd3+ 0-1


[Site "https://www.chess.com"]

[Event "Titled Tuesday Blitz May 2 Early 2023"]
[White "Khamdamova, Afruza"]
[Black "Bogaudinov, Rushan"]
[WhiteFideId "14210444"]
[BlackFideId "4129288"]
[WhiteElo "2210"]
[BlackElo "1967"]
[Result "1-0"]
[Round "07"]
[TimeControl "180+2"]
[Date "2023.05.03"]
[WhiteClock "0:00:00"]
[BlackClock "0:00:00"]

1. e4 a6 2. d4 e6 3. Nf3 d6 4. Bd3 Nf6 5. O-O Be7 6. e5 dxe5 7. dxe5 Nd5 8. c4 Nb4 9. Be4 Qxd1 10. Rxd1 O-O 11. a3 N4c6 12. Be3 Nd7 13. Bxc6 bxc6 14. Nc3 Nc5 15. b4 Nd7 16. Ne4 Nb6 17. Rac1 a5 18. Bc5 Bxc5 19. bxc5 Nd7 20. Rd2 f6 21. exf6 gxf6 22. Rcd1 Ne5 23. Nxf6+ Kf7 24. Nxe5+ Kxf6 25. Nxc6 Bb7 26. Nd4 e5 27. c6 exd4 28. cxb7 Rab8 29. Rb1 Rfd8 30. c5 c6 31. Rb6 Ke5 32. g3 Kd5 33. Rc2 Rd7 34. Ra6 Rbxb7 35. Rxa5 d3 36. Rd2 Kc4 37. Ra6 Kxc5 38. Kg2 Kb5 39. Ra8 Kc4 40. Rc8 Rbc7 41. Rxc7 Rxc7 42. Rd1 Kc3 43. Rc1+ Kd2 44. Rc4 c5 45. a4 Kd1 46. Kf1 d2 47. a5 Rc6 48. f4 h5 49. h3 Re6 50. Rxc5 Re1+ 51. Kf2 Re2+ 52. Kf3 Ke1 53. Rd5 Rf2+ 54. Ke4 d1=Q 55. Rxd1+ Kxd1 56. f5 Ra2 57. Kf4 Rxa5 58. f6 Ke2 59. g4 h4 60. g5 Kf2 61. g6 Ra6 62. Kg5 Kg3 63. g7 Ra5+ 64. Kg6 Ra8 65. f7 Kxh3 66. g8=Q Ra6+ 67. Kh5 Ra5+ 68. Kg6 Ra6+ 69. Kf5 Ra5+ 70. Ke4 Ra4+ 71. Kd3 Ra3+ 72. Ke2 Rg3 73. Qc8+ Kh2 74. f8=Q h3 75. Qf4 Kh1 76. Qxg3 h2 77. Qc6# 1-0


[Site "https://www.chess.com"]

[Event "Titled Tuesday Blitz May 2 Early 2023"]
[White "Prudnykova, Olga"]
[Black "Korelskiy, Egor"]
[WhiteFideId "14121093"]
[BlackFideId "34329064"]
[WhiteElo "2113"]
[BlackElo "2186"]
[Result "0-1"]
[Round "07"]
[TimeControl "180+2"]
[Date "2023.05.03"]
[WhiteClock "0:00:00"]
[BlackClock "0:00:00"]

1. e4 c5 2. Nf3 e6 3. Nc3 a6 4. d4 cxd4 5. Nxd4 Qc7 6. Qf3 Nf6 7. Bg5 Be7 8. O-O-O h6 9. Bh4 d6 10. g4 Nbd7 11. Rg1 b5 12. g5 hxg5 13. Bxg5 Bb7 14. Bxf6 Nxf6 15. Bd3 g6 16. h3 O-O-O 17. Kb1 Kb8 18. Rg3 Rdf8 19. a4 b4 20. Na2 d5 21. exd5 Nxd5 22. Qe2 Nf4 23. Qd2 e5 24. Nb3 e4 25. Bf1 Rd8 26. Qc1 Rxd1 27. Qxd1 Rd8 28. Qe1 Qd7 29. Nac1 f5 30. Qe3 Qc7 31. Rg1 Rd1 32. a5 Bf6 33. Nc5 Nd5 34. Qe2 Rxc1+ 35. Kxc1 Qxc5 36. Rxg6 Qxa5 37. Qc4 Qa1+ 38. Kd2 Qxb2 39. Rg8+ Ka7 40. Qc5+ Nb6 41. Rg6 Bc3+ 42. Ke3 Qc1+ 43. Ke2 Qd2# 0-1


[Site "https://www.chess.com"]

[Event "Titled Tuesday Blitz May 2 Early 2023"]
[White "Arnold, Ken"]
[Black "Chernov, Mikhail"]
[WhiteFideId "2056836"]
[BlackFideId "24143170"]
[WhiteElo "2355"]
[BlackElo "2113"]
[Result "0-1"]
[Round "07"]
[TimeControl "180+2"]
[Date "2023.05.03"]
[WhiteClock "0:00:00"]
[BlackClock "0:00:00"]

1. d4 d5 2. c4 Nc6 3. cxd5 Qxd5 4. Nf3 e5 5. Nc3 Bb4 6. e3 Bg4 7. Be2 O-O-O 8. Qb3 exd4 9. Qxd5 Rxd5 10. exd4 Nxd4 11. Nxd4 Rxd4 12. Be3 Bxc3+ 13. bxc3 Ra4 14. Bd4 Bxe2 15. Bxg7 Ne7 16. Bxh8 Bc4 17. O-O-O Rxa2 18. Rhe1 Nd5 19. Rd4 b5 20. Re8+ Kb7 21. Rd2 Ra1+ 22. Kb2 Rh1 23. Be5 Re1 24. f4 f6 25. Rd8 fxe5 26. R8xd5 Bxd5 27. Rxd5 Re2+ 28. Kb3 c6 29. Rxe5 Rxg2 30. Rh5 Kb6 31. Rxh7 Rf2 32. Rh4 a5 33. Rh3 a4+ 34. Ka3 Rxf4 35. Rg3 Rf2 36. h4 Rh2 37. Rg4 Ka5 38. Rf4 Rh3 39. Kb2 c5 40. Rf5 Kb6 41. Rf6+ Kc7 42. Rh6 b4 43. cxb4 cxb4 44. Ra6 Rh2+ 45. Kb1 a3 46. Ra4 Rb2+ 47. Ka1 Kb6 48. Ra8 Kb5 0-1


[Site "https://www.chess.com"]

[Event "Titled Tuesday Blitz May 2 Early 2023"]
[White "De Souza, Cristiano Gomes"]
[Black "Daeschler, Florian"]
[WhiteFideId "2151758"]
[BlackFideId "20678193"]
[WhiteElo "2068"]
[BlackElo "2221"]
[Result "1-0"]
[Round "07"]
[TimeControl "180+2"]
[Date "2023.05.03"]
[WhiteClock "0:00:01"]
[BlackClock "0:00:00"]

1. d4 Nf6 2. c4 e6 3. Nf3 c5 4. d5 exd5 5. cxd5 d6 6. Nc3 g6 7. h3 Bg7 8. e4 O-O 9. Bd3 Re8 10. O-O a6 11. a4 Nbd7 12. Be3 Ne5 13. Nxe5 Rxe5 14. f4 Re8 15. Rc1 Rb8 16. b3 Bd7 17. Qf3 b5 18. axb5 axb5 19. e5 dxe5 20. fxe5 Rxe5 21. Bf4 Re8 22. Bxb8 Qxb8 23. Ne4 Rxe4 24. Bxe4 Qf8 25. Rfe1 Nh5 26. g4 Bd4+ 27. Kg2 Nf6 28. Rcd1 Kg7 29. Rf1 h5 30. Rxd4 cxd4 31. Qxf6+ 1-0


[Site "https://www.chess.com"]

[Event "Titled Tuesday Blitz May 2 Early 2023"]
[White "Gurevich, Dmitry"]
[Black "Allahverdiyeva, Ayan"]
[WhiteFideId "2000407"]
[BlackFideId "13412590"]
[WhiteElo "2506"]
[BlackElo "1980"]
[Result "1-0"]
[Round "07"]
[TimeControl "180+2"]
[Date "2023.05.03"]
[WhiteClock "0:00:00"]
[BlackClock "0:00:00"]

1. d4 Nf6 2. c4 e6 3. Nf3 b6 4. g3 Ba6 5. b3 Bb4+ 6. Bd2 Be7 7. Bc3 Ne4 8. Bg2 Nxc3 9. Nxc3 O-O 10. O-O d5 11. cxd5 exd5 12. Nxd5 Bd6 13. Ne3 c6 14. Nc4 Bb4 15. Nfe5 b5 16. Ne3 Qf6 17. Rc1 Ba3 18. Rc2 Bb7 19. Rd2 Rd8 20. Nc2 Bb2 21. e3 Na6 22. Qb1 Bc3 23. Rd3 b4 24. a3 Rab8 25. axb4 Bxb4 26. Nxb4 Nxb4 27. Rc3 Ba6 28. Rfc1 Rb6 29. Qa1 Rc8 30. Qa5 g6 31. h4 Rc7 32. Bf1 Bxf1 33. Kxf1 Kg7 34. Kg2 h5 35. Rc4 Nd5 36. Qxd5 cxd5 37. Rxc7 Rxb3 38. Rxf7+ Qxf7 39. Nxf7 Kxf7 40. Rc7+ Ke6 41. Rxa7 Rb2 42. Kf3 Kf5 43. Ra6 Rc2 44. Rd6 Ra2 45. Rxd5+ Kf6 46. Rb5 Rd2 47. Rb6+ Kf5 48. e4# 1-0


[Site "https://www.chess.com"]

[Event "Titled Tuesday Blitz May 2 Early 2023"]
[White "Avazkhonov, Alikhon"]
[Black "Clawitter, Craig"]
[WhiteFideId "14208504"]
[BlackFideId "2023105"]
[WhiteElo "1739"]
[BlackElo "2050"]
[Result "1-0"]
[Round "07"]
[TimeControl "180+2"]
[Date "2023.05.03"]
[WhiteClock "0:00:00"]
[BlackClock "0:00:00"]

1. d4 e6 2. c4 Nf6 3. Nc3 d5 4. cxd5 exd5 5. Bg5 c6 6. e3 Be7 7. Bd3 O-O 8. Qc2 Nbd7 9. Nf3 Re8 10. O-O-O b5 11. Ne5 Bb7 12. Nxd7 Qxd7 13. Bxf6 Bxf6 14. Bxh7+ Kh8 15. Bf5 Qd8 16. h4 Qa5 17. Kb1 c5 18. g4 b4 19. Ne2 c4 20. g5 Be7 21. Nf4 Rab8 22. g6 b3 23. axb3 cxb3 24. Qxb3 Bc8 25. Qd3 Bxf5 26. Qxf5 Rxb2+ 27. Kxb2 Ba3+ 28. Kc2 Qa4+ 29. Kd2 Bb4+ 30. Ke2 Qb5+ 31. Nd3 fxg6 32. Qxg6 1-0


[Site "https://www.chess.com"]

[Event "Titled Tuesday Blitz May 2 Early 2023"]
[White "Srdanovic, Jovana"]
[Black "Dehtiarov, Roman"]
[WhiteFideId "954810"]
[BlackFideId "14186640"]
[WhiteElo "2145"]
[BlackElo "2189"]
[Result "0-1"]
[Round "07"]
[TimeControl "180+2"]
[Date "2023.05.03"]
[WhiteClock "0:00:00"]
[BlackClock "0:00:00"]

1. d4 Nf6 2. c4 e6 3. Nf3 b6 4. a3 Bb7 5. Nc3 Be7 6. d5 d6 7. e4 e5 8. Bd3 O-O 9. O-O Nbd7 10. b4 a5 11. Bb2 h6 12. Ne2 Nh7 13. Qc2 g6 14. Nd2 Bg5 15. g3 h5 16. f4 exf4 17. gxf4 Bf6 18. Nf3 Qe7 19. Ned4 Bg7 20. Kh1 Nhf6 21. Rg1 Rae8 22. Rae1 axb4 23. axb4 Nh7 24. f5 g5 25. Nc6 Bxc6 26. Bxg7 Kxg7 27. dxc6 Ne5 28. Nxe5 Qxe5 29. Qe2 g4 30. h3 Rh8 31. hxg4 hxg4 32. Rxg4+ Kf8 33. Kg1 Nf6 34. Rg2 Ke7 35. c5 bxc5 36. b5 Reg8 37. Rxg8 Rxg8+ 38. Kf1 Qg3 39. Qe3 Qg2# 0-1


[Site "https://www.chess.com"]

[Event "Titled Tuesday Blitz May 2 Early 2023"]
[White "Bruedigam, Martin"]
[Black "Rodriguez Santiago, Jaime"]
[WhiteFideId "24608033"]
[BlackFideId "3100898"]
[WhiteElo "2331"]
[BlackElo "2025"]
[Result "1-0"]
[Round "07"]
[TimeControl "180+2"]
[Date "2023.05.03"]
[WhiteClock "0:00:00"]
[BlackClock "0:00:00"]

1. d4 Nf6 2. c4 e6 3. Nc3 Bb4 4. Bd2 d5 5. e3 O-O 6. Nf3 c5 7. a3 Bxc3 8. Bxc3 Nc6 9. Rc1 cxd4 10. Nxd4 Bd7 11. Bd3 dxc4 12. Bxc4 Rc8 13. Be2 Ne4 14. Nxc6 Bxc6 15. Qxd8 Rfxd8 16. f3 Nxc3 17. Rxc3 Bd5 18. Rxc8 Rxc8 19. Kd2 Bb3 20. Bd3 h6 21. h4 Kf8 22. g4 Ke7 23. g5 hxg5 24. hxg5 g6 25. Rh4 Rd8 26. Kc3 Bd5 27. e4 Bc6 28. f4 Rc8 29. Kd2 Rd8 30. Ke3 Bd7 31. Rh7 Rg8 32. b4 Be8 33. b5 Kd6 34. Kd4 b6 35. a4 Kd7 36. Ke5 Ke7 37. Rh2 Bd7 38. Rc2 Rc8 39. Rxc8 Bxc8 40. Be2 Bd7 41. Bd3 Bc8 42. f5 exf5 43. exf5 Bb7 44. fxg6 fxg6 45. Bxg6 Kf8 46. Be4 Bc8 47. Kd6 Bh3 48. Kc7 Bg4 49. Bc2 Bf3 50. Kb8 a5 51. bxa6 1-0


[Site "https://www.chess.com"]

[Event "Titled Tuesday Blitz May 2 Early 2023"]
[White "Szente Varga, Fruzsina"]
[Black "Minko, Dmitry"]
[WhiteFideId "712264"]
[BlackFideId "24188468"]
[WhiteElo "1994"]
[BlackElo "2147"]
[Result "0-1"]
[Round "07"]
[TimeControl "180+2"]
[Date "2023.05.03"]
[WhiteClock "0:00:00"]
[BlackClock "0:00:00"]

1. e4 e5 2. Nf3 Nc6 3. Bb5 Nf6 4. O-O Nxe4 5. Re1 Nd6 6. Bxc6 dxc6 7. Nxe5 Be7 8. Qe2 Be6 9. d4 Nf5 10. c3 O-O 11. Nd3 Bd6 12. Bf4 Re8 13. Qd2 Bc4 14. Bxd6 Nxd6 15. Ne5 Bd5 16. Na3 Qh4 17. Re3 f6 18. Rh3 Qe4 19. Nf3 Qe2 20. Qxe2 Rxe2 21. b3 Rae8 22. Kf1 b5 23. Ne1 Rd2 24. Nd3 Ree2 25. Re1 Rxe1+ 26. Kxe1 Rxa2 27. Nb1 Ra1 0-1


[Site "https://www.chess.com"]

[Event "Titled Tuesday Blitz May 2 Early 2023"]
[White "Mogirzan, Matei-Valeriu"]
[Black "Ronka, Erik"]
[WhiteFideId "1257455"]
[BlackFideId "505080"]
[WhiteElo "1733"]
[BlackElo "2264"]
[Result "0-1"]
[Round "07"]
[TimeControl "180+2"]
[Date "2023.05.03"]
[WhiteClock "0:00:00"]
[BlackClock "0:00:00"]

1. e4 a6 2. d4 c5 3. dxc5 e6 4. Be3 Qc7 5. b4 a5 6. c3 Nf6 7. f3 d6 8. Na3 dxc5 9. Nb5 Qc6 10. Bf4 Na6 11. a4 Bd7 12. bxa5 Be7 13. Nd6+ Bxd6 14. Qxd6 Qxd6 15. Bxd6 O-O-O 16. Bxa6 bxa6 17. e5 Nd5 18. Rb1 Bc6 19. Ne2 Kd7 20. Kf2 f6 21. c4 Nb4 22. Rhd1 Kc8 23. f4 Bxa4 24. Nc3 Bxd1 25. Rxd1 fxe5 26. fxe5 Nc6 27. Na4 Nxe5 28. Nxc5 Nxc4 29. Rc1 Nxd6 30. Nxe6+ Kd7 31. Nxd8 Rxd8 32. Rb1 Nb5 33. Rc1 Rc8 34. Rd1+ Ke7 35. Rd5 Rc3 36. g4 Ra3 37. Rc5 Rxa5 38. g5 Kf7 39. Kg3 Ra3+ 40. Kg4 Ra4+ 41. Kg3 Nd6 42. Rc7+ Kg6 43. h4 Nf5+ 44. Kf3 Nxh4+ 45. Ke3 Nf5+ 46. Kf3 Kxg5 47. Ke2 Ra3 48. Kd2 h5 49. Kc2 h4 50. Kb2 Rg3 0-1


[Site "https://www.chess.com"]